| TOP OF THE 1ST |
|
Baltimore Orioles batting - Pitching for Kansas City Royals : RHP Marco Sarabia
|
|
Pitching: RHP Marco Sarabia
|
|
|
Batting: SHB Willie McGee
|
0-0: Called Strike 0-1: Ball 1-1: Swinging Strike 1-2: Ball 2-2: Strikes out swinging
|
|
Batting: SHB Johnny Ray
|
0-0: Ball 1-0: Ball 2-0: Fly out, F7 (Flyball, 7D, EV 104.4 MPH)
|
|
Batting: LHB Dave Parker
|
0-0: Ball 1-0: Ball 2-0: Called Strike 2-1: Ball 3-1: Base on Balls
|
|
Batting: RHB Dwight Evans
|
0-0: Called Strike Dave Parker steals 2nd base 0-1: Foul Ball, location: 2F 0-2: Ball 1-2: Foul Ball, location: 2F 1-2: Ball 2-2: Strikes out swinging, 2-3 out at first.
|
| Top of the 1st over - 0 runs, 0 hits, 0 errors, 1 left on base; Baltimore 0 - Kansas City 0 |
| BOTTOM OF THE 1ST |
|
Kansas City Royals batting - Pitching for Baltimore Orioles : RHP Jim Clancy
|
|
Pitching: RHP Jim Clancy
|
|
|
Batting: RHB Rickey Henderson
|
0-0: Ball 1-0: Ball 2-0: Ground out U3 (Groundball, 3, EV 86.3 MPH)
|
|
Batting: LHB Gene Richards
|
0-0: Foul Ball, location: 2F 0-1: Swinging Strike 0-2: Ball 1-2: Ball 2-2: Foul Ball, location: 2F 2-2: Ball 3-2: Base on Balls
|
|
Batting: RHB Bob Horner
|
0-0: Called Strike 0-1: Ball 1-1: Ball 2-1: Ball 3-1: Foul Ball, location: 2F 3-2: Foul Ball, location: 2F 3-2: Foul Ball, location: 2F 3-2: Foul Ball, location: 2F 3-2: Fly out, F8 (Flyball, 8LS, EV 96.3 MPH)
|
|
Batting: RHB Gary Carter
|
0-0: Ball 1-0: Ball 2-0: Called Strike 2-1: Ball 3-1: Base on Balls Gene Richards to second
|
|
Batting: RHB Lloyd McClendon
|
0-0: Called Strike 0-1: Swinging Strike 0-2: Foul Ball, location: 2F 0-2: Strikes out looking
|
| Bottom of the 1st over - 0 runs, 0 hits, 0 errors, 2 left on base; Baltimore 0 - Kansas City 0 |
| TOP OF THE 2ND |
|
Baltimore Orioles batting - Pitching for Kansas City Royals : RHP Marco Sarabia
|
|
Batting: LHB Fred Lynn
|
0-0: Ball 1-0: Ball 2-0: Foul Ball, location: 2F 2-1: Foul Ball, location: 2F 2-2: Ball 3-2: Hit by Pitch
|
|
Batting: SHB Steve R Ontiveros
|
0-0: Called Strike 0-1: Foul Ball, location: 2F 0-2: Ball 1-2: Foul Ball, location: 2F 1-2: Strikes out swinging
|
|
Batting: RHB Matt Rice
|
0-0: Called Strike 0-1: Ball 1-1: Fly out, F8 (Flyball, 78D, EV 89.4 MPH)
|
|
Batting: RHB Bill Foley
|
0-0: Fly out, F3 (Popup, 3SF, EV 86.9 MPH)
|
| Top of the 2nd over - 0 runs, 0 hits, 0 errors, 1 left on base; Baltimore 0 - Kansas City 0 |
| BOTTOM OF THE 2ND |
|
Kansas City Royals batting - Pitching for Baltimore Orioles : RHP Jim Clancy
|
|
Batting: RHB Jeffrey Leonard
|
0-0: Called Strike 0-1: Ball 1-1: Ball 2-1: Bunt missed! 2-2: Foul Ball, location: 2F 2-2: Foul Ball, location: 2F 2-2: Fly out, F8 (Flyball, 8LM, EV 83.1 MPH)
|
|
Batting: LHB Rick Manning
|
0-0: Ball 1-0: Ball 2-0: DOUBLE (Flyball, 89D, EV 94.4 MPH)
|
|
Batting: LHB Alvin Davis
|
0-0: Ball 1-0: Called Strike Rick Manning steals 3rd base 1-1: Called Strike 1-2: Ball 2-2: Foul Ball, location: 2F 2-2: Ground out 4-3 (Groundball, 34D, EV 85.6 MPH) Rick Manning scores
|
|
Batting: RHB Alberto Gonzalez
|
0-0: Foul Ball, location: 2F 0-1: Swinging Strike 0-2: Ball 1-2: Ball 2-2: Ball 3-2: Foul Ball, location: 2F 3-2: SINGLE (Groundball, 56D, EV 110.6 MPH)
|
|
Batting: RHB Rickey Henderson
|
0-0: Ground out 6-3 (Groundball, 6S, EV 88.1 MPH)
|
| Bottom of the 2nd over - 1 run, 2 hits, 0 errors, 1 left on base; Baltimore 0 - Kansas City 1 |
| TOP OF THE 3RD |
|
Baltimore Orioles batting - Pitching for Kansas City Royals : RHP Marco Sarabia
|
|
Batting: RHB Garth Iorg
|
0-0: Ball 1-0: Foul Ball, location: 2F 1-1: Swinging Strike 1-2: Strikes out swinging
|
|
Batting: SHB Willie McGee
|
0-0: Ball 1-0: Foul Ball, location: 2F 1-1: Swinging Strike 1-2: Strikes out swinging
|
|
Batting: SHB Johnny Ray
|
0-0: Ball 1-0: Called Strike 1-1: Called Strike 1-2: Ball 2-2: Ball 3-2: Fly out, F8 (Line Drive, 8LD, EV 90.0 MPH)
|
| Top of the 3rd over - 0 runs, 0 hits, 0 errors, 0 left on base; Baltimore 0 - Kansas City 1 |
| BOTTOM OF THE 3RD |
|
Kansas City Royals batting - Pitching for Baltimore Orioles : RHP Jim Clancy
|
|
Batting: LHB Gene Richards
|
0-0: Called Strike 0-1: Foul Ball, location: 2F 0-2: Ground out 4-3 (Groundball, 34D, EV 95.6 MPH)
|
|
Batting: RHB Bob Horner
|
0-0: Called Strike 0-1: Called Strike 0-2: Ball 1-2: Ground out 5-3 (Groundball, 56, EV 104.4 MPH)
|
|
Batting: RHB Gary Carter
|
0-0: Ball 1-0: Foul Ball, location: 2F 1-1: Ball 2-1: Ball 3-1: Fly out, F9 (Flyball, 89D, EV 86.9 MPH)
|
| Bottom of the 3rd over - 0 runs, 0 hits, 0 errors, 0 left on base; Baltimore 0 - Kansas City 1 |
| TOP OF THE 4TH |
|
Baltimore Orioles batting - Pitching for Kansas City Royals : RHP Marco Sarabia
|
|
Batting: LHB Dave Parker
|
0-0: Called Strike 0-1: SOLO HOME RUN (Flyball, 7D, EV 88.1 MPH), Distance : 374 ft
|
|
Batting: RHB Dwight Evans
|
0-0: Swinging Strike 0-1: Ball 1-1: Foul Ball, location: 2F 1-2: Foul Ball, location: 2F 1-2: Strikes out swinging
|
|
Batting: LHB Fred Lynn
|
0-0: Called Strike 0-1: Swinging Strike 0-2: Strikes out swinging
|
|
Batting: SHB Steve R Ontiveros
|
0-0: Ball 1-0: Fly out, F9 (Line Drive, 9D, EV 96.9 MPH)
|
| Top of the 4th over - 1 run, 1 hit, 0 errors, 0 left on base; Baltimore 1 - Kansas City 1 |
| BOTTOM OF THE 4TH |
|
Kansas City Royals batting - Pitching for Baltimore Orioles : RHP Jim Clancy
|
|
Batting: RHB Lloyd McClendon
|
0-0: Called Strike 0-1: Ball 1-1: Foul Ball, location: 2F 1-2: Ball 2-2: Foul Ball, location: 2F 2-2: Strikes out swinging
|
|
Batting: RHB Jeffrey Leonard
|
0-0: Called Strike 0-1: Ground out U3 (Groundball, 34, EV 86.3 MPH)
|
|
Batting: LHB Rick Manning
|
0-0: Called Strike 0-1: Swinging Strike 0-2: Ball 1-2: Ball 2-2: Foul Ball, location: 2F 2-2: Ball 3-2: Foul Ball, location: 2F 3-2: Fly out, F9 (Flyball, 89M, EV 86.3 MPH)
|
| Bottom of the 4th over - 0 runs, 0 hits, 0 errors, 0 left on base; Baltimore 1 - Kansas City 1 |
| TOP OF THE 5TH |
|
Baltimore Orioles batting - Pitching for Kansas City Royals : RHP Marco Sarabia
|
|
Batting: RHB Matt Rice
|
0-0: Ball 1-0: Called Strike 1-1: Ball 2-1: Ball 3-1: Foul Ball, location: 2F 3-2: Fly out, F9 (Flyball, 9, EV 80.0 MPH)
|
|
Batting: RHB Bill Foley
|
0-0: Foul Ball, location: 2F 0-1: Ball 1-1: Ground out 5-3 (Groundball, 56S, EV 64.4 MPH)
|
|
Batting: RHB Garth Iorg
|
0-0: Ball 1-0: Called Strike 1-1: Ball 2-1: Foul Ball, location: 2F 2-2: Ground out U3 (Groundball, 34, EV 81.3 MPH)
|
| Top of the 5th over - 0 runs, 0 hits, 0 errors, 0 left on base; Baltimore 1 - Kansas City 1 |
| BOTTOM OF THE 5TH |
|
Kansas City Royals batting - Pitching for Baltimore Orioles : RHP Jim Clancy
|
|
Batting: LHB Alvin Davis
|
0-0: Called Strike 0-1: Ball 1-1: Foul Ball, location: 2F 1-2: Ground out 6-3 (Groundball, 6, EV 86.9 MPH)
|
|
Batting: RHB Alberto Gonzalez
|
0-0: Swinging Strike 0-1: Ball 1-1: Ball 2-1: Foul Ball, location: 2F 2-2: Ball 3-2: Base on Balls
|
|
Batting: RHB Rickey Henderson
|
0-0: Ball 1-0: Foul Ball, location: 2F 1-1: Called Strike 1-2: Foul Ball, location: 2F 1-2: Ball 2-2: Foul Ball, location: 2F 2-2: Foul Ball, location: 2F 2-2: Foul Ball, location: 2F 2-2: Foul Ball, location: 2F 2-2: Strikes out swinging
|
|
Batting: LHB Gene Richards
|
0-0: Swinging Strike 0-1: Ball 1-1: Ball 2-1: Ground out U3 (Groundball, 3, EV 105.6 MPH)
|
| Bottom of the 5th over - 0 runs, 0 hits, 0 errors, 1 left on base; Baltimore 1 - Kansas City 1 |
| TOP OF THE 6TH |
|
Baltimore Orioles batting - Pitching for Kansas City Royals : RHP Marco Sarabia
|
|
Batting: SHB Willie McGee
|
0-0: Ball 1-0: Ball 2-0: Ground out 5-3 (Groundball, 56, EV 81.9 MPH)
|
|
Batting: SHB Johnny Ray
|
0-0: Foul Ball, location: 2F 0-1: Ball 1-1: Ball 2-1: SINGLE (Flyball, 78S, EV 91.9 MPH)
|
|
Batting: LHB Dave Parker
|
0-0: Ball 1-0: Called Strike 1-1: Ball 2-1: Called Strike 2-2: Foul Ball, location: 2F 2-2: Foul Ball, location: 2F 2-2: Strikes out swinging
|
|
Batting: RHB Dwight Evans
|
0-0: Ball 1-0: Called Strike 1-1: Foul Ball, location: 2F 1-2: Foul Ball, location: 2F 1-2: Foul Ball, location: 2F 1-2: Ball 2-2: Foul Ball, location: 2F 2-2: SINGLE (Popup, 3D, EV 65.6 MPH) Johnny Ray to second Runner from 2nd tries for 3rd, SAFE, throw by 2B made to third
|
|
Batting: LHB Fred Lynn
|
0-0: Ball 1-0: Ball 2-0: Ball 3-0: Called Strike 3-1: Called Strike 3-2: Ground out 4-3 (Groundball, 34, EV 109.4 MPH)
|
| Top of the 6th over - 0 runs, 2 hits, 0 errors, 2 left on base; Baltimore 1 - Kansas City 1 |
| BOTTOM OF THE 6TH |
|
Kansas City Royals batting - Pitching for Baltimore Orioles : RHP Jim Clancy
|
|
Batting: RHB Bob Horner
|
0-0: SINGLE (Groundball, 56D, EV 99.4 MPH)
|
|
Batting: RHB Gary Carter
|
Pickoff Throw to First - Error! E1 Bob Horner to second 0-0: Called Strike 0-1: Foul Ball, location: 2F 0-2: Ball 1-2: Ball 2-2: Strikes out swinging
|
|
Batting: RHB Lloyd McClendon
|
0-0: Foul Ball, location: 2F 0-1: Foul Ball, location: 2F 0-2: Fly out, F5 (Line Drive, 5, EV 70.0 MPH)
|
|
Batting: RHB Jeffrey Leonard
|
0-0: Ball 1-0: Ground out 6-3 (Groundball, 6, EV 87.5 MPH)
|
| Bottom of the 6th over - 0 runs, 1 hit, 1 error, 1 left on base; Baltimore 1 - Kansas City 1 |
| TOP OF THE 7TH |
|
Baltimore Orioles batting - Pitching for Kansas City Royals : RHP Marco Sarabia
|
|
Pitching: RHP Orel Hershiser
|
|
|
Batting: SHB Steve R Ontiveros
|
0-0: Ball 1-0: Foul Ball, location: 2F 1-1: Ball 2-1: Ball 3-1: Base on Balls
|
|
Batting: RHB Matt Rice
|
0-0: Foul Ball, location: 2F 0-1: Ball 1-1: Ball 2-1: Fly out, F7 (Flyball, 7S, EV 95.0 MPH)
|
|
Batting: RHB Bill Foley
|
0-0: Swinging Strike 0-1: Foul Ball, location: 2F 0-2: Fly out, F8 (Flyball, 8RXD, EV 80.6 MPH)
|
|
Batting: RHB Garth Iorg
|
0-0: Ball 1-0: Foul Ball, location: 2F 1-1: Ground out U3 (Groundball, 34, EV 81.9 MPH)
|
| Top of the 7th over - 0 runs, 0 hits, 0 errors, 1 left on base; Baltimore 1 - Kansas City 1 |
| BOTTOM OF THE 7TH |
|
Kansas City Royals batting - Pitching for Baltimore Orioles : RHP Jim Clancy
|
|
Batting: LHB Rick Manning
|
0-0: Ball 1-0: Called Strike 1-1: Ground out 4-3 (Groundball, 4, EV 108.1 MPH)
|
|
Batting: LHB Alvin Davis
|
0-0: Ball 1-0: Foul Ball, location: 2F 1-1: Foul Ball, location: 2F 1-2: Fly out, F7 (Flyball, 7S, EV 76.3 MPH)
|
|
Batting: RHB Alberto Gonzalez
|
0-0: Called Strike 0-1: Ball 1-1: Ball 2-1: Ball 3-1: Base on Balls
|
|
Pitching: LHP Dave LaRoche
|
|
|
Batting: RHB Rickey Henderson
|
0-0: Called Strike 0-1: Foul Ball, location: 2F 0-2: Ball 1-2: Fielders Choice at 2nd, 6-4 (Groundball, 6MD, EV 100.0 MPH)
|
| Bottom of the 7th over - 0 runs, 0 hits, 0 errors, 1 left on base; Baltimore 1 - Kansas City 1 |
| TOP OF THE 8TH |
|
Baltimore Orioles batting - Pitching for Kansas City Royals : RHP Orel Hershiser
|
|
Batting: SHB Willie McGee
|
0-0: Foul Ball, location: 2F 0-1: Ball 1-1: Fly out, F6 (Flyball, 6D, EV 87.5 MPH)
|
|
Batting: SHB Johnny Ray
|
0-0: Ball 1-0: Foul Ball, location: 2F 1-1: Called Strike 1-2: SINGLE (Line Drive, 34, EV 95.6 MPH)
|
|
Batting: LHB Dave Parker
|
0-0: Ball 1-0: Foul Ball, location: 2F 1-1: Foul Ball, location: 2F 1-2: Strikes out swinging
|
|
Batting: RHB Dwight Evans
|
0-0: Swinging Strike 0-1: Foul Ball, location: 2F 0-2: Ball 1-2: Ground out 5-3 (Groundball, 56S, EV 66.3 MPH)
|
| Top of the 8th over - 0 runs, 1 hit, 0 errors, 1 left on base; Baltimore 1 - Kansas City 1 |
| BOTTOM OF THE 8TH |
|
Kansas City Royals batting - Pitching for Baltimore Orioles : LHP Dave LaRoche
|
|
Batting: LHB Gene Richards
|
0-0: Ball 1-0: Called Strike 1-1: Ball 2-1: Swinging Strike 2-2: Ball 3-2: Foul Ball, location: 2F 3-2: Foul Ball, location: 2F 3-2: Foul Ball, location: 2F 3-2: Foul Ball, location: 2F 3-2: SINGLE (Groundball, 5S, EV 67.5 MPH) (infield hit)
|
|
Batting: RHB Bob Horner
|
0-0: Ball 1-0: SINGLE (Groundball, 56D, EV 103.8 MPH) Gene Richards to second
|
|
Batting: RHB Gary Carter
|
0-0: Foul Ball, location: 2F 0-1: Grounds into double play, 6-4-3 (Groundball, 6, EV 105.0 MPH) Gene Richards to third
|
|
Batting: RHB Lloyd McClendon
|
0-0: Swinging Strike 0-1: SINGLE (Popup, 3D, EV 69.4 MPH) Gene Richards scores
|
|
Batting: RHB Jeffrey Leonard
|
0-0: Called Strike 0-1: Ball 1-1: Swinging Strike 1-2: Strikes out swinging
|
| Bottom of the 8th over - 1 run, 3 hits, 0 errors, 1 left on base; Baltimore 1 - Kansas City 2 |
| TOP OF THE 9TH |
|
Baltimore Orioles batting - Pitching for Kansas City Royals : RHP Orel Hershiser
|
|
Batting: LHB Fred Lynn
|
0-0: Called Strike 0-1: Ball 1-1: Ball 2-1: Ball 3-1: Ground out 4-3 (Groundball, 34D, EV 92.5 MPH)
|
|
Batting: SHB Steve R Ontiveros
|
0-0: Fly out, F8 (Line Drive, 8LM, EV 96.3 MPH)
|
|
Pinch Hitting: SHB Mike Hart
|
0-0: Ball 1-0: Foul Ball, location: 2F 1-1: Swinging Strike 1-2: Ball 2-2: Strikes out swinging
|
| Top of the 9th over - 0 runs, 0 hits, 0 errors, 0 left on base; Baltimore 1 - Kansas City 2 |
|